Match 45437500
Unlisted

Match 45437500
End
250 Light Carrier
Selects Panzerjäger Kommand Battlegroup
Selects Mine Fields
Panzergrenadier Squad
Panzergrenadier Squad
Panzergrenadier Squad
Selects Tank Busters
Construct Light Support Kompanie
Construct Mechanized Kompanie
Kradschützen Motorcycle Team
Veteran Squad Leaders
8 Rad Armored Car
Vehicle Survival Package
Panzerjäger Mechanized Group
Construct Panzerarmee Kommand
Selects Early Warning
Selects Butterfly Bomb Drop
Butterfly Bomb Drop
Rapid Advance
Early Warning
Panzer III L Medium Tank
Panzerjäger Mechanized Group
Early Warning
Advanced Field Repairs
Armored Reserves
Butterfly Bomb Drop
Emergency Repair Kits
Early Warning
Advanced Optics
уехал на бомбас
MilfGuard
Karl Kradschutzen
Cappie
Deboost
KyrSor
0
0

Comments sign in to comment!

No comments posted yet!